 Dungeon Crawl Stone Soup version 0.20-a0-494-gf50ee04 (webtiles) character file.

15961 Placid the Basher (level 12, -7/97 HPs)
             Began as a Demonspawn Gladiator on Jan 18, 2017.
             Was an Elder of Makhleb.
             Mangled by a salamander
             ... wielding a +1 spear
              (10 damage)
             ... in a volcano.
             The game lasted 00:39:06 (12334 turns).

Placid the Basher (Demonspawn Gladiator)           Turns: 12334, Time: 00:39:06

Health: -7/97      AC: 11    Str: 23    XL:     12   Next: 5%
Magic:  0/15       EV: 14    Int: 14    God:    Makhleb [****..]
Gold:   677        SH:  0    Dex: 15    Spells: 11/11 levels left

rFire    . . .     SeeInvis .   d - +5 flail (drain)
rCold    . . .     Gourm    .   r - +0 ring mail
rNeg     . . .     Faith    .   (no shield)
rPois    .         Spirit   +   i - +2 hat
rElec    +         Reflect  .   W - +2 cloak
rCorr    .         Harm     .   n - +0 pair of gloves
MR       +....                  (no boots)
Stlth    +++.......             (no amulet)
Regen    0.3/turn               a - +3 ring of intelligence
                                N - ring of protection from magic

@: mighty
A: claws 2, horns 1, talons 1, deformed body, nightstalker 2, shaggy fur 1,
electricity resistance, magic shield
a: Minor Destruction, Lesser Servant of Makhleb, Major Destruction, Renounce
Religion


You were in a volcano.
You worshipped Makhleb.
Makhleb was greatly pleased with you.
You were not hungry.

You visited 3 branches of the dungeon, and saw 13 of its levels.
You also visited: Volcano.

You collected 677 gold pieces.

Inventory:

Hand Weapons
 d - a +5 flail of draining (weapon)
 T - a +0 flail of protection
Missiles
 g - 13 needles of confusion
 A - 87 poisoned needles
 B - 15 tomahawks (quivered)
 Q - 8 needles of sleeping
Armour
 b - a +0 leather armour
 i - a +2 hat (worn)
 n - a +0 pair of gloves (worn)
 r - a +0 ring mail (worn)
 U - a +1 cloak of invisibility
 W - a +2 cloak (worn)
Magical Staves
 H - an uncursed staff of wizardry {unknown}
Jewellery
 a - a +3 ring of intelligence (right hand)
 N - a ring of protection from magic (left hand)
Wands
 h - a wand of polymorph (10/24)
 t - a wand of confusion (10/48)
 y - a wand of acid (6/15)
 C - a wand of lightning (7/15)
 E - a wand of confusion (20/48)
Scrolls
 e - 7 scrolls of remove curse
 o - 2 scrolls of magic mapping
 q - 2 scrolls of teleportation
 z - 2 scrolls of identify
 F - a scroll of amnesia
 O - a scroll of recharging
 Y - a scroll of fog
Potions
 c - a potion of invisibility
 l - a potion of cancellation
 m - 2 potions of might
 p - 2 potions of haste
 s - 2 potions of cure mutation
 u - 4 potions of curing
 x - 2 potions of agility
 S - a potion of lignification
 V - 2 potions of flight
Books
 k - a Young Poisoner's Handbook

   Spells                             Type                      Level
   a - Sting                          Conjuration/Poison           1
   b - Poisonous Vapours              Poison/Air                   2
   c - Mephitic Cloud                 Conjuration/Poison/Air       3
   d - Olgreb's Toxic Radiance        Poison                       4
   e - Venom Bolt                     Conjuration/Poison           5
 v - a book of Misfortune

   Spells                             Type                      Level
   a - Confusing Touch                Hexes                        1
   b - Confuse                        Hexes                        3
   c - Gell's Gravitas                Hexes/Translocation          3
   d - Petrify                        Transmutation/Earth          4
   e - Metabolic Englaciation         Hexes/Ice                    5
   f - Yara's Violent Unravelling     Hexes/Transmutation          5
 w - a book of Clouds

   Spells                             Type                      Level
   a - Poisonous Vapours              Poison/Air                   2
   b - Mephitic Cloud                 Conjuration/Poison/Air       3
   c - Conjure Flame                  Conjuration/Fire             3
   d - Freezing Cloud                 Conjuration/Ice/Air          6
   e - Ring of Flames                 Charms/Fire                  7
 X - a book of Frost

   Spells                             Type                      Level
   a - Freeze                         Ice                          1
   b - Throw Frost                    Conjuration/Ice              2
   c - Ozocubu's Armour               Charms/Ice                   3
   d - Throw Icicle                   Conjuration/Ice              4
   e - Summon Ice Beast               Ice/Summoning                4
Comestibles
 f - 10 bread rations
 j - 7 meat rations
 D - 21 fruits
 G - 3 beef jerkies
 I - 2 slices of pizza


   Skills:
 - Level 10.0 Fighting
 - Level 12.2 Maces & Flails
 - Level 5.0 Throwing
 - Level 6.2 Armour
 - Level 5.4 Dodging
 - Level 2.4 Unarmed Combat
 + Level 4.8 Invocations


You had 11 spell levels left.
You didn't know any spells.

Dungeon Overview and Level Annotations

Branches:
Dungeon (11/15)            Temple (1/1) D:4            Lair (1/6) D:8
    Orc (0/2) D:9

Altars:
Ashenzari
Cheibriados
Dithmenos
Elyvilon
Fedhas
Gozag
Hepliaklqana
Kikubaaqudgha
Makhleb
Nemelex Xobeh
Qazlal
Ru
Sif Muna
Trog
Uskayaw
Vehumet
Xom
Yredelemnul
Zin
The Shining One

Shops:
D:9 :

Annotations:
D:5 Lasty's ghost, novice BaFi


Innate Abilities, Weirdness & Mutations

You have very sharp fingernails.
You have a pair of small horns on your head.
You have sharp toenails.
You are significantly more attuned to the shadows.
When hurt, damage is shared between your health and your magic reserves.
Armour fits poorly on your strangely shaped body.
You are covered in fur. (AC +1)
You are resistant to electric shocks. (rElec)


Message History

You thump the salamander mystic! You drain the salamander mystic!
The salamander mystic is heavily wounded.
The salamander mystic closely misses you.
The salamander hits you from afar with an enchanted spear!
* * * LOW MAGIC WARNING * * *;
* * * LOW HITPOINT WARNING * * *
You are engulfed in flames!
* * * LOW MAGIC WARNING * * *;
* * * LOW HITPOINT WARNING * * *
Unknown command.
Okay, then.
You feel much better.
The air gets thick with the scent of sulphur.
The salamander hits you from afar with an enchanted spear.
* * * LOW MAGIC WARNING * * *;
* * * LOW HITPOINT WARNING * * *
You are engulfed in flames!
* * * LOW MAGIC WARNING * * *;
* * * LOW HITPOINT WARNING * * *
The salamander mystic misses you.
The salamander hits you from afar with an enchanted spear!
* * * LOW HITPOINT WARNING * * *
You are engulfed in flames!
You die...

*,,,,,,,,. **,,,≈≈≈≈≈≈
##...≈≈≈≈≈≈§
##...§≈≈≈§§§≈
#...≈≈≈≈§§§§§
##...≈≈≈≈≈§≈§§
###....≈≈≈≈≈≈§§§
###§.......≈§≈§§≈≈
##@(######.....§...
***#§§##****##########
**,*#NN≈§≈§≈* #
**∩,)..§≈§≈§**
*≈,$:.≈≈≈≈§§* *
**≈$[$≈§≈≈§#* *#
*≈≈≈≈≈≈≈≈### #≈
*≈≈≈≈≈≈≈** ##
**≈≈≈≈*** #


You could see a salamander mystic and a salamander.

Vanquished Creatures
  Josephine (D:10)
  The ghost of promet the Fighter, a novice OgBe of Trog (Lair:1)
  A centaur warrior (D:9)
  3 two-headed ogres
  A manticore (D:11)
  2 salamanders (Volcano)
  Joseph (D:7)
  Psyche (D:10)
  A komodo dragon (D:11)
  A tengu conjurer (D:11)
  A troll (D:9)
  A hornet (D:7)
  5 hippogriffs
  4 blink frogs (Lair:1)
  Sigmund (D:3)
  3 wyverns
  10 yaks
  3 wraiths (D:10)
  A steam dragon (D:8)
  Edmund (D:5)
  A water moccasin (D:10)
  3 orc warriors
  3 phantoms
  4 ice beasts
  2 sky beasts
  A necrophage (D:5)
  4 ogres
  7 centaurs
  2 crocodiles (D:8)
  4 bullfrogs
  A water moccasin zombie (D:9)
  2 scorpions
  A water moccasin skeleton (D:7)
  3 wights (D:8)
  3 howler monkeys (D:8)
  5 crimson imps
  7 hounds
  A jelly (D:6)
  3 centaur zombies
  12 orc priests
  7 orc wizards
  A bullfrog skeleton (D:4)
  Jessica (D:3)
  3 centaur skeletons
  3 iguanas
  6 worker ants
  A killer bee zombie (D:10)
  2 hound zombies
  A hound skeleton (D:7)
  11 adders
  3 shadow imps
  An adder zombie (D:5)
  An adder skeleton (D:7)
  3 worms
  A dart slug (D:3)
  8 leopard geckos
  52 orcs
  5 bats
  8 giant cockroaches
  3 goblins
  4 hobgoblins
  9 jackals
  5 kobolds
  12 quokkas
  3 frilled lizards (D:1)
  A leopard gecko skeleton (D:4)
  5 rats
272 creatures vanquished.

Vanquished Creatures (collateral kills)
  2 orc wizards (D:7)
2 creatures vanquished.

Grand Total: 274 creatures vanquished

Notes
Turn   | Place    | Note
-------+----------+-------------------------------------------
     0 | D:1      | Placid the Demonspawn Gladiator began the quest for the Orb.
     0 | D:1      | Reached XP level 1. HP: 16/16 MP: 1/1
   578 | D:1      | Gained mutation: You have a pair of small horns on your head. [demonic ancestry]
   578 | D:1      | Reached XP level 2. HP: 13/23 MP: 2/2
   913 | D:2      | Reached skill level 3 in Maces & Flails
  1183 | D:2      | Gained mutation: You have sharp toenails. [demonic ancestry]
  1183 | D:2      | Reached XP level 3. HP: 26/28 MP: 3/3
  1590 | D:3      | Found a hide-covered altar of Uskayaw.
  1874 | D:3      | Noticed Sigmund
  1892 | D:3      | Killed Sigmund
  1892 | D:3      | Reached skill level 4 in Maces & Flails
  1892 | D:3      | Gained mutation: You have sharp fingernails. [demonic ancestry]
  1892 | D:3      | Reached XP level 4. HP: 11/38 MP: 4/4
  1892 | D:3      | Gained mutation: You have very sharp fingernails. [demonic ancestry]
  1892 | D:3      | Reached XP level 5. HP: 13/43 MP: 5/5
  2202 | D:3      | Reached skill level 1 in Unarmed Combat
  2611 | D:3      | Noticed Jessica
  2615 | D:3      | Killed Jessica
  2615 | D:3      | Reached XP level 6. HP: 49/49 MP: 6/6
  3095 | D:4      | Found a staircase to the Ecumenical Temple.
  3101 | Temple   | Entered the Ecumenical Temple
  3162 | Temple   | Became a worshipper of Makhleb the Destroyer
  3963 | D:5      | Entered Level 5 of the Dungeon
  4040 | D:5      | Reached skill level 5 in Fighting
  4266 | D:5      | Noticed Edmund
  4292 | D:5      | Killed Edmund
  4292 | D:5      | Reached XP level 7. HP: 58/58 MP: 7/7
  4557 | D:5      | Found a glowing silver altar of Zin.
  4783 | D:5      | Noticed Lasty's ghost (novice BaFi)
  5167 | D:6      | Reached skill level 5 in Maces & Flails
  5252 | D:6      | Noticed a hippogriff
  5261 | D:6      | Killed a hippogriff
  5261 | D:6      | Reached skill level 6 in Maces & Flails
  5261 | D:6      | Gained mutation: You are slightly more attuned to the shadows. [demonic ancestry]
  5261 | D:6      | Reached XP level 8. HP: 36/66 MP: 3/8
  5463 | D:6      | Found a deep blue altar of Sif Muna.
  5679 | D:6      | Reached * piety under Makhleb
  5761 | D:6      | Noticed a hippogriff
  5772 | D:6      | Killed a hippogriff
  5772 | D:6      | Reached skill level 7 in Maces & Flails
  5872 | D:6      | Found a deep blue altar of Sif Muna.
  5879 | D:6      | Reached skill level 8 in Maces & Flails
  5901 | D:6      | Found a shattered altar of Ashenzari.
  6058 | D:6      | Noticed a troll
  6086 | D:6      | Gained mutation: You are covered in fur. (AC +1) [potion of mutation]
  6086 | D:6      | Gained mutation: You are resistant to electric shocks. (rElec) [potion of mutation]
  6086 | D:6      | Gained mutation: Armour fits poorly on your strangely shaped body. [potion of mutation]
  6644 | D:7      | Gained mutation: When hurt, damage is shared between your health and your magic reserves. [demonic ancestry]
  6644 | D:7      | Reached XP level 9. HP: 55/72 MP: 6/9
  6669 | D:7      | Reached skill level 9 in Maces & Flails
  7022 | D:7      | Found a sparkling altar of Nemelex Xobeh.
  7104 | D:7      | Reached ** piety under Makhleb
  7105 | D:7      | Noticed Joseph
  7134 | D:7      | Killed Joseph
  7134 | D:7      | Reached skill level 10 in Maces & Flails
  7412 | D:7      | Found a white marble altar of Elyvilon.
  7412 | D:7      | Found an opulent altar of Gozag.
  7423 | D:7      | Found a snail-covered altar of Cheibriados.
  7423 | D:7      | Found a hazy altar of Hepliaklqana.
  7428 | D:7      | Paralysed by a hornet for 3 turns
  7930 | D:8      | Found a basalt altar of Yredelemnul.
  8482 | D:8      | Reached skill level 5 in Dodging
  8482 | D:8      | Gained mutation: You are significantly more attuned to the shadows. [demonic ancestry]
  8482 | D:8      | Reached XP level 10. HP: 63/79 MP: 7/10
  8496 | D:8      | Found a staircase to the Lair.
  8717 | D:8      | Found a sacrificial altar of Ru.
  8739 | D:8      | Reached skill level 5 in Throwing
  8961 | D:9      | Identified a scroll of acquirement
  8979 | D:9      | Reached skill level 1 in Armour
  9375 | D:9      | Reached *** piety under Makhleb
  9478 | D:9      | Noticed a two-headed ogre
  9484 | D:9      | Killed a two-headed ogre
  9502 | D:9      | Found Muhyjou's Book Shoppe.
  9515 | D:9      | Noticed a centaur warrior
  9525 | D:9      | Killed a centaur warrior
  9720 | D:9      | Reached **** piety under Makhleb
  9725 | D:9      | Reached skill level 5 in Armour
  9729 | D:9      | Found a staircase to the Orcish Mines.
  9978 | D:10     | Entered Level 10 of the Dungeon
 10017 | D:10     | Noticed Josephine
 10031 | D:10     | Killed Josephine
 10031 | D:10     | Reached XP level 11. HP: 89/89 MP: 9/11
 10168 | D:10     | Noticed a two-headed ogre
 10177 | D:10     | Killed a two-headed ogre
 10327 | D:10     | Noticed Psyche
 10338 | D:10     | Killed Psyche
 10338 | D:10     | Reached skill level 10 in Fighting
 11042 | D:11     | Noticed a two-headed ogre
 11075 | D:11     | Killed a two-headed ogre
 11228 | D:11     | Reached skill level 11 in Maces & Flails
 12009 | D:8      | Reached skill level 12 in Maces & Flails
 12093 | Lair:1   | Entered Level 1 of the Lair of Beasts
 12120 | Lair:1   | Noticed promet's ghost (novice OgBe)
 12143 | Lair:1   | Killed promet's ghost
 12162 | Lair:1   | Reached skill level 1 in Invocations
 12193 | Lair:1   | Found a dark tunnel.
 12253 | Volcano  | Entered a volcano
 12282 | Volcano  | Reached XP level 12. HP: 66/97 MP: 11/15
 12334 | Volcano  | HP: 3/97 [salamander/enchanted spear (7)]
 12334 | Volcano  | Mangled by a salamander

Vault maps used:
D:1:      erik_arrival_triangle_large, minmay_misc_feat_doors, st_stairs_8
D:3:      eat_drink_and_be_merry_uskayaw, first_bread, minmay_joined_circles,
          uniq_jessica, uniq_sigmund
D:5:      kennysheep_mini, zin_treasury, uniq_edmund
D:6:      kennysheep_little_box, lemuel_round_altar, basic_altar,
          kennysheep_opposing_triangles
D:7:      cheibrodos_helix_gallery, nemelex_xobeh_ov_fountains_minmay,
          grunt_temple_overflow_cloverleaf, uniq_joseph
D:8:      old_standard_altar, kennysheep_mini_moat, erik_lair_dragon
D:9:      hiddenorc2_lemuel, serial_shops, shop
D:10:     uniq_psyche, uniq_josephine
D:11:     grunt_tengu_nest, minmay_misc_feat_encased
Temple:   compressed_dpeg_triangle_lava_temple
Lair:1:   nicolae_volcano_entry_two_sided, beast_lair_carwin_1,
          serial_bayou_shore_b
Volcano:  volcano_pools

Skill      XL: |  1  2  3  4  5  6  7  8  9 10 11 |
---------------+----------------------------------+-----
Maces & Flails | 3 4 6 8 10 12 | 12.2
Fighting       | 4 6 7 9 10 | 10.0
Unarmed Combat | 1 2 |  2.4
Throwing       | 4 5 |  5.0
Dodging        | 5 |  5.4
Armour         | 5 6 |  6.2
Invocations    | 4 |  4.8

Action                   |  1- 3 |  4- 6 |  7- 9 | 10-12 || total
-------------------------+-------+-------+-------+-------++-------
Melee: Flail             |   100 |   121 |   302 |   521 ||  1044
       Headbutt          |    14 |    27 |    49 |   116 ||   206
       Kick              |    13 |    44 |    79 |   184 ||   320
       Punch             |       |       |     7 |     5 ||    12
Throw: Throwing net      |     3 |     2 |       |       ||     5
       Tomahawk          |       |       |    19 |    18 ||    37
Evoke: Wand              |       |     2 |    13 |     7 ||    22
  Use: Scroll            |     1 |     1 |    23 |     9 ||    34
       Potion            |       |       |     9 |     2 ||    11
 Stab: Confused          |       |     1 |     4 |     1 ||     6
       Invisible         |       |       |     1 |       ||     1
       Distracted        |       |       |     2 |     2 ||     4
       Sleeping          |       |       |       |     7 ||     7
  Eat: Chunk             |     3 |     4 |     9 |     8 ||    24
       Royal jelly       |       |     1 |       |     2 ||     3
       Bread ration      |       |       |     1 |       ||     1
       Fruit             |       |       |       |     4 ||     4
Armor: Leather armour    |    21 |       |       |       ||    21
       Ring mail         |    16 |    36 |    81 |   161 ||   294
Dodge: Dodged            |    66 |    69 |   182 |   320 ||   637
